 Dungeon Crawl Stone Soup version 0.15-a0-35-ga771cbd (webtiles) character file.

1082 Psiweapon the Transmogrifier (level 7, -2/52 HPs)
             Began as a Lava Orc Transmuter on Apr 2, 2014.
             Slain by an orc warrior
             ... wielding a +0,+0 hand axe
              (13 damage)
             ... on Level 6 of the Dungeon.
             The game lasted 00:27:52 (7087 turns).

Psiweapon the Transmogrifier (Lava Orc Transmuter)  Turns: 7087, Time: 00:27:52

HP  -2/52        AC  3     Str 17      XL: 7   Next: 69%
MP   2/15        EV 12     Int 15      God:
Gold 233         SH  0     Dex 11      Spells:  2 memorised,  7 levels left

rFire  + + +     SeeInvis .       - Unarmed
rCold  x . .     Clarity  .     c - +0 robe
rNeg   . . .     Conserve .     (no shield)
rPois  .         rCorr    .     r - +0 helmet
rElec  .         rRot     .     (no cloak)
SustAb . .       Spirit   .     (no gloves)
rMut   .         Warding  .     (no boots)
Saprov + . .     Stasis   .     (no amulet)
MR     .....                    (no ring)
                                k - +4 ring of strength

@: very slightly contaminated, not resistant to hostile enchantments, unstealthy
A: conserve scrolls, saprovore 1, spit poison 1
a: Spit Poison


You were on level 6 of the Dungeon.
You were starving.

You visited 1 branch of the dungeon, and saw 6 of its levels.

You collected 233 gold pieces.

Inventory:

Hand weapons
 D - a +2,+0 flail of holy wrath
 G - a +0,+0 crossbow
Missiles
 b - 42 arrows
 e - 15 poisoned sling bullets
 h - a stone (quivered)
 E - 8 tomahawks
Armour
 c - a +0 robe (worn)
 r - a +0 helmet (worn)
 y - a +0 leather armour
 L - an ice dragon hide
Comestibles
 a - 2 meat rations
 l - a pear
 o - 5 bread rations
Scrolls
 f - a scroll of enchant weapon I {unknown}
 g - a scroll of noise {unknown}
 i - a scroll of enchant weapon II {unknown}
 j - a scroll of fog {unknown}
 n - a scroll of remove curse
 p - a scroll of enchant armour {unknown}
 s - a scroll of random uselessness
 v - 2 scrolls of magic mapping
 z - a scroll of amnesia
 I - a scroll of identify
Jewellery
 k - a +4 ring of strength (left hand)
 u - an uncursed ring of flight
 x - an uncursed ring of hunger
 B - an uncursed amulet of stasis
Potions
 m - a potion of poison {unknown}
 q - a potion of agility
 t - a potion of paralysis
 w - a potion of curing
 A - a potion of berserk rage
 C - a potion of cure mutation
 F - 2 potions of confusion
Books
 d - a book of Changes

   Spells                             Type                      Level
   *Beastly Appendage                 Transmutation                1
   Sticks to Snakes                   Transmutation                2
   Spider Form                        Transmutation/Poison         3
   Ice Form                           Ice/Transmutation            4
   *Blade Hands                       Transmutation                5


   Skills:
 - Level 1.2 Fighting
 - Level 1.6 Dodging
 - Level 5.0 Unarmed Combat
 + Level 3.6 Spellcasting
 + Level 9.1 Transmutations


You had 7 spell levels left.
You knew the following spells:

 Your Spells              Type           Power        Failure   Level  Hunger
a - Beastly Appendage     Trmt           ####..       1%          1    None
b - Blade Hands           Trmt           ####......   14%         5    #####..


Dungeon Overview and Level Annotations

Branches:
Dungeon (6/15)
 Temple: D:4-7

Altars:
Elyvilon
Makhleb


Innate Abilities, Weirdness & Mutations

You have stony skin.
Your flesh is almost immune to the effects of heat.
Your fire spells are more powerful.
Your flesh is vulnerable to cold.
Your heat harms attackers.
You bathe your surroundings in blazing heat.
You are too hot to use scrolls.
You are very good at protecting items from fire.
You can tolerate rotten meat.
You can spit poison.


Message History

The orc warrior is singed by your heat!
The orc warrior is severely wounded!
Drink which item? (? for menu, Esc to quit)
You feel much better!
The orc warrior hits you with a hand axe!!!
* * * LOW HITPOINT WARNING * * *
The orc warrior is singed by your heat!
The orc warrior is severely wounded!
The orc is burned by your radiant heat!
The orc is lightly wounded!
The orc hits you with a short sword!
* * * LOW HITPOINT WARNING * * *
The orc is singed by your heat!
The orc is severely wounded!
Drink which item? (? for menu, Esc to quit)
You're too hungry to go berserk!
You closely miss the orc warrior!
The orc warrior is severely wounded!
The orc warrior hits you with a hand axe!!!
You die!!!

###.............'..#
#.............##.#
#..............#.#
#..............#.# ####
#......###.....#.##### ...#######
#......# #.#####.#.... .........#
#......# #)....#.#.### .........#
##+###o###..##.#.#.#
.#.......####...@o.....##.#.#.###
.........'....[..................
.#.......########.#.......#######
.#.#.######## #.#.#..##........
.#.#........#####.#.#.......#...#
.#.#..#####.#.....#.....#.#.#####
......# #<#.#.######..#.#.#......
##....###.#.#.........#.#.###....
........................#.#<#.###


You could see an orc warrior and an orc.

Vanquished Creatures
  A sky beast (D:6)
  An orc warrior (D:5)
  An ice beast (D:3)
  A scorpion (D:6)
  A quasit (D:6)
  An orc priest (D:5)
  A giant frog zombie (D:5)
  2 orc wizards
  A jelly (D:6)
  A giant frog skeleton (D:4)
  An iguana (D:4)
  Ijyb (D:2)
  9 adders
  A worker ant zombie (D:5)
  4 gnolls (D:4)
  A shadow imp (D:6)
  A giant mite (D:1)
  A worm (D:4)
  2 giant eyeballs
  2 oozes
  12 orcs
  9 bats
  A bat skeleton (D:6)
  3 giant cockroaches
  10 hobgoblins
  3 quokkas
  3 ball pythons
  5 giant geckos
  A giant gecko skeleton (D:4)
  6 giant newts
  8 goblins
  12 jackals
  6 kobolds
  2 orc zombies
  5 rats
120 creatures vanquished.

Notes
Turn   | Place    | Note
--------------------------------------------------------------
     0 | D:1      | Psiweapon, the Lava Orc Transmuter, began the quest for the Orb.
     0 | D:1      | Reached XP level 1. HP: 16/16 MP: 2/2
   265 | D:1      | Reached XP level 2. HP: 8/23 MP: 3/3
   878 | D:1      | Reached XP level 3. HP: 26/28 MP: 5/5
  1040 | D:1      | Reached skill level 4 in Unarmed Combat
  1555 | D:2      | Noticed Ijyb
  1567 | D:2      | Killed Ijyb
  1837 | D:2      | Reached XP level 4. HP: 35/35 MP: 4/6
  2258 | D:3      | Noticed an ice beast
  2631 | D:3      | Reached skill level 5 in Transmutations
  2931 | D:3      | Killed an ice beast
  2931 | D:3      | Reached skill level 6 in Transmutations
  2931 | D:3      | Reached XP level 5. HP: 24/40 MP: 7/7
  3769 | D:3      | Learned a level 5 spell: Blade Hands
  3860 | D:4      | HP: 3/60 [gnoll/spear (1)]
  3883 | D:4      | HP: 1/40 [gnoll/spear (3)]
  4238 | D:4      | Paralysed by a giant eyeball for 2 turns
  4241 | D:4      | Reached skill level 5 in Unarmed Combat
  4692 | D:4      | Reached skill level 7 in Transmutations
  4692 | D:4      | Reached XP level 6. HP: 42/47 MP: 9/9
  4774 | D:4      | Found a burning altar of Makhleb.
  5068 | D:5      | Entered Level 5 of the Dungeon
  5622 | D:5      | Found a white marble altar of Elyvilon.
  5768 | D:5      | Reached skill level 8 in Transmutations
  5768 | D:5      | Reached XP level 7. HP: 27/52 MP: 7/13
  6049 | D:6      | Paralysed by a potion of paralysis for 2 turns
  6709 | D:6      | Gained mutation: You can spit poison. [potion of beneficial mutation]
  6808 | D:6      | Paralysed by a giant eyeball for 2 turns
  6936 | D:6      | Reached skill level 9 in Transmutations
  7085 | D:6      | HP: 1/52 [orc warrior/hand axe (5)]
  7087 | D:6      | Slain by an orc warrior

Action                   |  1- 3 |  4- 6 |  7- 9 || total
-------------------------+-------+-------+-------++-------
Melee: Unarmed           |   125 |   291 |    85 ||   501
 Cast: Beastly Appendage |    24 |    30 |     6 ||    60
       Blade Hands       |       |     2 |     2 ||     4
 Abil: Spit Poison       |       |       |     1 ||     1
  Use: Potion            |       |     1 |     4 ||     5
       Scroll            |       |     4 |     6 ||    10
 Stab: Sleeping          |       |     1 |       ||     1
